 Dungeon Crawl Stone Soup version 0.31.0-9-g3a7656b989 (webtiles) character file.

Game seed: 16697749064485836685

195 Couri the Slasher (level 6, -1/41 (46) HPs)
             Began as a Djinni Warper on Feb 5, 2024.
             Killed by nerve-wracking pain
             ... invoked by Grinder
              (11 damage)
             ... on level 3 of the Dungeon.
             The game lasted 00:09:37 (2747 turns).

Couri the Slasher (Djinni Warper)                   Turns: 2747, Time: 00:09:38

HP:   -1/41 (46)    AC:  3    Str: 10    XL:     6   Next: 4%
Gold: 70            EV: 12    Int: 15    God:
                    SH:  0    Dex: 14

rFire   + + .        a - +0 falchion
rCold   . . .        (no shield)
rNeg    . . .        n - +0 leather armour {rC+}
rPois   ∞            (no helmet)
rElec   .            (no cloak)
rCorr   .            (no gloves)
SInv    .            (boots unavailable)
Will    .....        (no amulet)
Stlth   +            (no ring)
HPRegen 0.26/turn    (no ring)
MPRegen 0.00/turn

%: infuse magic (-2 HP)
@: flying, heavily drained
A: sickness immunity, fire resistance 2, cold vulnerability 1, float, innate
caster, HP casting, extra vitality 1
a: no special abilities


You were on level 3 of the Dungeon.
You visited 1 branch of the dungeon, and saw 3 of its levels.

You collected 70 gold pieces.

Inventory:

Hand Weapons
 a - a +0 falchion (weapon)
 c - a +3 dagger
 j - a +1 short sword of holy wrath
 o - a +2 dagger of flaming
 u - a +0 heavy sling
Missiles
 d - 7 darts of dispersal (quivered)
Armour
 b - a +0 leather armour
 n - a +0 leather armour of cold resistance (worn)
Scrolls
 e - a scroll of enchant armour {unknown}
 f - a scroll of revelation {unknown}
 g - a scroll of enchant weapon {unknown}
 h - 4 scrolls of noise {unknown}
 p - a scroll of teleportation {unknown}
 s - a scroll of fear {unknown}
 t - 2 scrolls of identify {unknown}
Potions
 i - 2 potions of curing {unknown}
 k - a potion of haste {unknown}
 l - a potion of ambrosia {unknown}
 m - a potion of invisibility {unknown}
 q - a potion of brilliance {unknown}
 r - a potion of mutation {unknown}


   Skills:
 + Level 3.3 Fighting
 * Level 3.9 Long Blades
 - Level 0.7 Throwing
 + Level 2.7 Armour
 - Level 2.1 Dodging
 - Level 2.9 Spellcasting
 - Level 2.9 Conjurations
 - Level 2.9 Hexes
 - Level 2.9 Summonings
 - Level 2.9 Necromancy
 - Level 2.9 Translocations
 - Level 2.9 Fire Magic
 - Level 2.9 Ice Magic
 - Level 2.9 Air Magic
 - Level 2.9 Earth Magic
 - Level 2.9 Alchemy


You knew the following spells:

 Your Spells              Type           Power      Damage    Failure   Level
a - Blink                 Tloc           22%        N/A       12%         2
b - Lesser Beckoning      Tloc           22%        N/A       12%         2
c - Teleport Other        Tloc           11%        N/A       24%         3
d - Manifold Assault      Tloc           11%        N/A       61%         4
e - Vhi's Electric Charg  Tloc/Air       22%        N/A       61%         4
f - Kiss of Death         Conj/Necr      44%        2d8       8%          1
g - Searing Ray           Conj           22%        2d5       12%         2
Your spell library was empty.

Dungeon Overview and Level Annotations

Branches:
Dungeon (3/15)

Altars:
Wu Jian

Annotations:
D:3 Grinder, Natasha


Innate Abilities, Weirdness & Mutations

You are immune to sickness and miasma.
You are immune to poison.
Your flesh is very heat resistant. (rF++)
You are vulnerable to cold. (rC-)
You float through the air rather than walking.
You learn spells naturally, not from books.
Your magical power is your life essence.
You have superior vitality. (+4 MHP)


Message History

Grinder closely misses you.
You hit Grinder.
Grinder is lightly wounded.
Grinder closely misses you.
You hit Grinder but do no damage.
Grinder is lightly wounded.
Grinder hits you.
You writhe in agony.
You closely miss Grinder.
Grinder is lightly wounded.
Grinder hits you.
You hit Grinder but do no damage.
Grinder is lightly wounded.
Grinder hits you.
You hit Grinder.
Grinder is moderately wounded.
Grinder says, "Don't move a muscle."
Grinder hits you but does no damage.
You closely miss Grinder.
Grinder is moderately wounded.
Grinder gestures at you. Pain shoots through your body!
You hit Grinder.
Grinder is moderately wounded.
Grinder hits you.
You writhe in agony.
You hit Grinder but do no damage.
Grinder is moderately wounded.
Grinder gestures at you.
You struggle to resist.
Grinder hits you.
You writhe in agony.
* * * LOW HITPOINT WARNING * * *
Casting: Kiss of Death (safe; 8% risk of failure)
Confirm with . or Enter, or press ? or * to list all spells.
You can't see any susceptible monsters within range! (Use Z to cast anyway.)
Casting: Kiss of Death (safe; 8% risk of failure)
Confirm with . or Enter, or press ? or * to list all spells.
You can't see any susceptible monsters within range! (Use Z to cast anyway.) Unknown command.
Grinder gestures at you. Pain shoots through your body!
You die...
Grinder says, "Hey, I wasn't done torturing you yet!"

################
...............#
...#.#...#..†..###
#.#...#.#........#
.#.....#...#...#.#
.#.....#..#....#@#
##.....###...#.#.#
..#...#..#..#....5...#
...#.#...###.........#
#...#...#...#........#
.#.. ..#.....#..######
..# ...... .#..#
....#.. #...# ...#...


You could see Grinder.

Vanquished Creatures
  An iguana (D:3)
  Natasha (D:3)
  An orc wizard (D:3)
  4 adders
  3 dart slugs
  A ribbon worm (D:2)
  9 orcs (D:3)
  A ball python (D:1)
  5 bats
  7 endoplasms
  3 giant cockroaches
  5 hobgoblins
  6 jackals (D:1)
  6 kobolds
  4 quokkas
  2 frilled lizards
  2 goblins
  3 rats
64 creatures vanquished.

Notes
Turn   | Place    | Note
-------+----------+-------------------------------------------
     0 | D:1      | Couri the Djinni Warper began the quest for the Orb.
     0 | D:1      | Couri set off with the following spells memorised: Blink,
                  | Lesser Beckoning, Teleport Other, Manifold Assault, Vhi's
                  | Electric Charge.
     0 | D:1      | Reached XP level 1. HP: 18/18 MP: 0/0
   192 | D:1      | Reached XP level 2. HP: 17/23 MP: 0/0
   609 | D:1      | Reached XP level 3. HP: 29/29 MP: 0/0
   609 | D:1      | Learned a level 1 spell: Kiss of Death
  1071 | D:2      | Reached XP level 4. HP: 28/34 MP: 0/0
  1889 | D:3      | Noticed Natasha
  1896 | D:3      | Killed Natasha
  1897 | D:3      | Reached XP level 5. HP: 34/40 MP: 0/0
  1897 | D:3      | Learned a level 2 spell: Searing Ray
  1916 | D:3      | Found an ornate altar of the Wu Jian Council.
  1935 | D:3      | Identified the +8 spear of Hell's Wrath {freeze, Will+
                  | Str+3 Dex+2}
  2599 | D:3      | Reached XP level 6. HP: 21/41 MP: 0/0
  2643 | D:3      | Noticed Natasha
  2736 | D:3      | Noticed Grinder
  2747 | D:3      | Killed from afar by Grinder

Illustrated notes

Levels and vault maps discovered:
D:1:      minmay_arrival_four_loops, layout_basic, grunt_decor_arrowhead
D:2:      layout_basic
D:3:      layout_basic, nicolae_wu_jian_wuxing_cycle, minmay_splitting_lines,
          uniq_natasha, uniq_grinder

Skill      XL: |  1  2  3  4  5 |
---------------+----------------+-----
Long Blades    | 2 3 |  3.9
Armour         | 2 |  2.7
Fighting       | 3 |  3.3
Throwing       | |  0.7
Dodging        | |  2.1
Spellcasting   | |  2.9
Conjurations   | |  2.9
Hexes          | |  2.9
Summonings     | |  2.9
Necromancy     | |  2.9
Translocations | |  2.9
Fire Magic     | |  2.9
Ice Magic      | |  2.9
Air Magic      | |  2.9
Earth Magic    | |  2.9
Alchemy        | |  2.9

Action                     |  1- 3 |  4- 6 || total
---------------------------+-------+-------++-------
  Melee: Falchion          |    94 |   154 ||   248
         Punch             |     2 |       ||     2
   Cast: Blink             |       |     2 ||     2
         Lesser Beckoning  |       |     1 ||     1
         Kiss of Death     |       |     1 ||     1
    Use: Scroll            |       |     1 ||     1
 Armour: Leather armour    |    59 |    80 ||   139
  Dodge: Dodged            |    66 |   104 ||   170
